 Dungeon Crawl Stone Soup version 0.22-a0-443-g17c3723 (webtiles) character file.

53 4thArraOfDagon the Slasher (level 3, 0/33 HPs)
             Began as a Minotaur Monk on June 1, 2018.
             Succumbed to an adder's poison
             ... on level 3 of the Dungeon.
             The game lasted 00:01:33 (407 turns).

4thArraOfDagon the Slasher (Minotaur Monk)           Turns: 407, Time: 00:01:34

Health: 0/33       AC:  2    Str: 15 (16) XL:     3   Next: 62%
Magic:  2/2        EV: 13    Int:  5 (7)  God:
Gold:   38         SH:  0    Dex: 10 (12) Spells: 2/2 levels left

rFire    . . .     SeeInvis .   a - +0 falchion
rCold    . . .     Gourm    .   (no shield)
rNeg     . . .     Faith    .   b - +0 robe
rPois    .         Spirit   .   (helmet restricted)
rElec    .         Reflect  .   (no cloak)
rCorr    .         Harm     .   (no gloves)
MR       .....                  (no boots)
Stlth    ++........             (no amulet)
HPRegen  0.11/turn              (no ring)
MPRegen  0.08/turn              (no ring)

@: lethally poisoned (0 -> -1)
A: retaliatory headbutt, horns 2
a: no special abilities


You were on level 3 of the Dungeon.
You were not hungry.

You visited 1 branch of the dungeon, and saw 3 of its levels.

You collected 38 gold pieces.

Inventory:

Hand Weapons
 a - a +0 falchion (weapon)
Armour
 b - a +0 robe (worn)
Scrolls
 e - a scroll of remove curse {unknown}
 f - 5 scrolls of identify {unknown}
 h - a scroll of fog {unknown}
 i - a scroll of teleportation {unknown}
 j - a scroll of enchant armour {unknown}
 k - a scroll of magic mapping {unknown}
Comestibles
 c - 2 rations


   Skills:
 + Level 4.1 Fighting
 * Level 4.5 Long Blades
 + Level 1.5 Armour
 + Level 3.7 Dodging
 - Level 1.5 Stealth


You had 2 spell levels left.
You didn't know any spells.
Your spell library was empty.

Dungeon Overview and Level Annotations

Branches:
Dungeon (3/15)

Altars:
Fedhas
Qazlal


Innate Abilities, Weirdness & Mutations

You reflexively headbutt those who attack you in melee.
You have a pair of horns on your head.


Message History

You feel sick.
Found a ring mail.
A bat comes into view.
There is a stone staircase leading up here.
* * * LOW HITPOINT WARNING * * *
You feel sick.
You climb upwards.
A quokka, a hobgoblin and a kobold come into view.
The hobgoblin shouts!
Found 9 gold pieces.
Found a stone staircase leading up.
There is a stone staircase leading down here.
You climb downwards.
* * * LOW HITPOINT WARNING * * *
You feel sick.
There is a stone staircase leading up here.
Unknown command.
Unknown command.
The bat hits you but does no damage. The bat barely misses you.
You die...

.#..# ###....##..
...#.....# ##...##..###
# ..†..##....### .#
.###.###..[..# ..#
####...###.#.### ...#
............<..###....#
.........###....@.....#
...........####b......#
##########.# ####....#
# .# ....# # # ##.# #


You could see a bat.

Vanquished Creatures
  3 adders
  A leopard gecko (D:3)
  3 giant cockroaches
  A goblin (D:3)
  4 hobgoblins
  2 jackals (D:1)
  2 quokkas (D:2)
  2 bats
  2 frilled lizards
  3 kobolds
  A rat (D:2)
24 creatures vanquished.

Notes
Turn   | Place    | Note
-------+----------+-------------------------------------------
     0 | D:1      | 4thArraOfDagon the Minotaur Monk began the quest for the Orb.
     0 | D:1      | Reached XP level 1. HP: 19/19 MP: 0/0
    85 | D:2      | Reached XP level 2. HP: 13/27 MP: 1/1
    87 | D:2      | Reached skill level 1 in Armour
   124 | D:2      | Found a stormy altar of Qazlal.
   199 | D:2      | Found a blossoming altar of Fedhas.
   288 | D:3      | Reached XP level 3. HP: 18/33 MP: 2/2
   403 | D:3      | HP: 1/33 [poisoned by an adder]
   407 | D:3      | Succumbed to an adder's poison

Vault maps used:
D:1:      matt_arrival_spirals, minmay_misc_feat_five, wad_floor_pattern_1
D:2:      grunt_qazlal_clouds, chequers_temple_overflow_statue_of_worship,
          corner_web_ring, fedhas_altar_1
D:3:      cheibrodos_ashenzari_chains

Skill      XL: |  1  2 |
---------------+-------+-----
Long Blades    | 4 |  4.5
Armour         | 1 |  1.5
Fighting       | 4 |  4.1
Dodging        | |  3.7
Stealth        | |  1.5

Action                   || total
-------------------------++-------
Melee: Falchion          ||    46
       Headbutt          ||     7
  Use: Potion            ||     3
Armor: Robe              ||     6
Dodge: Dodged            ||    41
       Rpst.: Falchion   ||    10

Table legend:
 A = Spawn XP
 B = Non-spawn XP
 C = Spawn XP percentage of total XP
 D = Spawn monster count
 E = Non-spawn monster count
 F = Spawn count percentage of total count
 G = Total turns spent on level
                    A         B        C        D         E        F      G
               +---------+---------+-------+---------+---------+-------+---------
         Total |       0 |      76 |   0.0 |       0 |      24 |   0.0 |   407
               +---------+---------+-------+---------+---------+-------+---------
           D:1 |       0 |       4 |   0.0 |       0 |       2 |   0.0 |    45
           D:2 |       0 |      30 |   0.0 |       0 |      11 |   0.0 |   227
           D:3 |       0 |      42 |   0.0 |       0 |      11 |   0.0 |   135
               +---------+---------+-------+---------+---------+-------+---------
